 Dungeon Crawl Stone Soup version 0.26.0-20-g3ca415f5b8 (webtiles) character file.

Game seed: 3483922016681540108

107 kaeus the Firebug (level 4, -9/24 HPs)
             Began as a Gargoyle Fire Elementalist on Jan 24, 2021.
             Killed from afar by an orc wizard (10 damage)
             ... with a puff of flame
             ... on level 4 of the Dungeon.
             The game lasted 00:02:45 (3822 turns).

kaeus the Firebug (Gargoyle Fire Elementalist)      Turns: 3822, Time: 00:02:46

Health: -9/24      AC:  5    Str: 17    XL:     4   Next: 85%
Magic:  4/8        EV: 12    Int: 17    God:
Gold:   37         SH:  0    Dex: 10    Spells: 7/8 levels left

rFire    . . .     SeeInvis .   m - +0 whip (freeze)
rCold    . . .     Faith    .   (no shield)
rNeg     + . .     Spirit   .   a - +0 robe
rPois    ∞         Reflect  .   (no helmet)
rElec    +         Harm     .   (no cloak)
rCorr    .         Rampage  .   (no gloves)
Will     .....                  (no boots)
Stlth    ++........             (no amulet)
HPRegen  0.08/turn              b - +6 ring of strength
MPRegen  0.11/turn              (no ring)

@: no status effects
A: negative energy resistance 1, electricity resistance, unbreathing,
petrification resistance, miasma immunity, AC +3
a: no special abilities


You were on level 4 of the Dungeon.
You visited 1 branch of the dungeon, and saw 5 of its levels.

You collected 37 gold pieces.

Inventory:

Hand Weapons
 f - a +0 hand axe
 m - a +0 whip of freezing (weapon)
Armour
 a - a +0 robe (worn)
Jewellery
 b - a +6 ring of strength (left hand)
 g - an uncursed ring of protection from fire {unknown}
Scrolls
 c - 4 scrolls of identify {unknown}
 e - 4 scrolls of remove curse {unknown}
 h - a scroll of blinking {unknown}
 j - a scroll of enchant weapon {unknown}
 k - a scroll of teleportation {unknown}
 l - 2 scrolls of immolation {unknown}
Potions
 d - a potion of resistance {unknown}
 i - a potion of curing {unknown}


   Skills:
 - Level 1.5 Dodging
 - Level 2.1 Stealth
 + Level 2.6 Spellcasting
 * Level 3.1 Conjurations
 * Level 4.1 Fire Magic


You had 7 spell levels left.
You knew the following spells:

 Your Spells              Type           Power        Failure   Level
a - Foxfire               Conj/Fire      56%          4%          1

Your spell library contained the following spells:

 Spells                   Type           Power        Failure   Level
 Conjure Flame            Conj/Fire      14%          12%         3
 Inner Flame              Hex/Fire       9%           24%         3
 Sticky Flame             Conj/Fire      14%          38%         4
 Fireball                 Conj/Fire      7%           75%         5


Dungeon Overview and Level Annotations

Branches:
Dungeon (5/15)
 Temple: D:4-7

Altars:
Ashenzari
Ru
Sif Muna
Yredelemnul


Innate Abilities, Weirdness & Mutations

You are resistant to torment.
Your stone body is resilient. (AC +3)
You are immune to poison.
You resist negative energy. (rN+)
You are resistant to electric shocks. (rElec)
You can survive without breathing.
You are immune to petrification.
You are immune to miasma.


Message History

The dart slug bites you.
* * * LOW HITPOINT WARNING * * *
Your magical contamination has completely faded away.
You take 4 damage, and have 1/24 hp.
You now have 4/8 mp.
You hit the dart slug. You freeze the dart slug.
The dart slug is moderately wounded.
The foxfire hits the dart slug.
The dart slug is severely wounded.
The foxfire hits the dart slug.
You kill the dart slug!
Something hits you but does no damage. x2
Press: ? - help, v - describe, . - travel A stone staircase leading down.
Casting: Foxfire (safe; 4% risk of failure)
Confirm with . or Enter, or press ? or * to list all spells.
You conjure some foxfire!
You hear some strange, mumbled words.
A puff of flame appears from out of thin air!
The puff of flame hits you!
You die...

############
#...........
#...v{......
#$..@v......
##.##..###..
# ..# ....
....# ....+
...## ####


There were no monsters in sight!

Vanquished Creatures
  4 gnolls
  2 adders
  A worm (D:2)
  2 dart slugs
  A leopard gecko (D:5)
  An orc (D:2)
  3 giant cockroaches (D:2)
  5 goblins
  6 hobgoblins
  2 ball pythons
  4 bats
  3 frilled lizards (D:1)
  4 kobolds
  6 rats
44 creatures vanquished.

Vanquished Creatures (others)
  147 foxfires
147 creatures vanquished.

Grand Total: 191 creatures vanquished

Notes
Turn   | Place    | Note
-------+----------+-------------------------------------------
     0 | D:1      | kaeus the Gargoyle Fire Elementalist began the quest for
                  | the Orb.
     0 | D:1      | Reached XP level 1. HP: 10/10 MP: 3/3
    16 | D:1      | Found a broken altar of Ashenzari.
   431 | D:1      | Reached XP level 2. HP: 8/15 MP: 1/5
  1607 | D:2      | Reached XP level 3. HP: 19/19 MP: 1/6
  1834 | D:2      | Found a basalt altar of Yredelemnul.
  2017 | D:2      | Found a shimmering blue altar of Sif Muna.
  2449 | D:3      | Reached XP level 4. HP: 24/24 MP: 1/7
  3472 | D:3      | Reached skill level 4 in Fire Magic
  3783 | D:3      | You fall into a shaft and drop 2 floors!
  3783 | D:5      | Entered Level 5 of the Dungeon
  3783 | D:5      | Found a sacrificial altar of Ru.
  3820 | D:4      | HP: 1/24 [dart slug (3)]
  3822 | D:4      | Killed from afar by an orc wizard

Illustrated notes

Levels and vault maps discovered:
D:1:      dpeg_arrival_simpleton_a, layout_basic, nicolae_ashenzari_panopticon
D:2:      layout_loops_ring, lemuel_coloured_pillars_altar,
          lemuel_blue_sif_altar
D:3:      minmay_angry_zag, layout_rooms
D:4:      cheibrodos_helix_gallery, layout_gridville, kennysheep_mini_moat,
          serial_shops, shop_statue
D:5:      layout_basic, makhleb_heckhound_becter, marbit_many_paths,
          lemuel_doored_altar, nicolae_overflow_crystal_walls

Skill      XL: |  1  2  3  4 |
---------------+-------------+-----
Conjurations   | 2 3 |  3.1
Fire Magic     | 4 |  4.1
Dodging        | |  1.5
Stealth        | |  2.1
Spellcasting   | |  2.6

Action                   |  1- 3 |  4- 6 || total
-------------------------+-------+-------++-------
Melee: Hand axe          |    23 |    18 ||    41
       Whip              |     4 |     4 ||     8
       Unarmed           |     4 |       ||     4
 Cast: Foxfire           |    87 |    19 ||   106
Armor: Robe              |     4 |     9 ||    13
Dodge: Dodged            |    23 |    27 ||    50
